 Dungeon Crawl Stone Soup version 0.27-a0-1423-ge5d6b6ab6a (webtiles) character file.

Game seed: 2142305054281571370

140 HAL9000 the Changer (level 5, -1/40 HPs)
             Began as a Draconian Transmuter on July 2, 2021.
             Slain by Sigmund (12 damage)
             ... on level 3 of the Dungeon.
             The game lasted 00:04:18 (4008 turns).

HAL9000 the Changer (Draconian Transmuter)          Turns: 4008, Time: 00:04:18

Health: -1/40      AC:  2    Str: 12    XL:     5   Next: 2%
Magic:  5/8        EV: 19    Int: 14    God:
Gold:   89         SH:  0    Dex: 17    Spells: 2/8 levels left

rFire    . . .     SeeInvis .     - Unarmed
rCold    . . .     Faith    .   (shield currently unavailable)
rNeg     . . .     Spirit   .   (armour unavailable)
rPois    x         Reflect  .   (helmet currently unavailable)
rElec    .         Harm     .   (cloak currently unavailable)
rCorr    .         Rampage  .   (gloves currently unavailable)
Will     .....                  (boots currently unavailable)
Stlth    +.........             (no amulet)
HPRegen  0.13/turn              (no ring)
MPRegen  0.11/turn              (no ring)

@: confused, spider-form
A: venomous fangs, AC +5, tiny, unfitting armour, (cold-blooded)
a: End Transformation


You were on level 3 of the Dungeon.
You were a venomous arachnid creature.
You visited 1 branch of the dungeon, and saw 3 of its levels.

You collected 89 gold pieces.

Inventory:

Missiles
 k - 3 silver javelins
Armour
 b - a +0 pair of gloves (melded)
Scrolls
 a - a scroll of teleportation {unknown}
 c - 3 scrolls of identify {unknown}
 e - 2 scrolls of enchant weapon {unknown}
 g - a scroll of magic mapping {unknown}
 h - a scroll of vulnerability {unknown}
 i - a scroll of fog {unknown}
Potions
 d - a potion of curing {unknown}
 f - 2 potions of might {unknown}
 j - a potion of flight {unknown}


   Skills:
 - Level 1.1 Fighting
 - Level 1.7 Dodging
 - Level 3.0 Unarmed Combat
 + Level 2.2 Spellcasting
 + Level 5.1 Transmutations


You had 2 spell levels left.
You knew the following spells:

 Your Spells              Type           Power      Damage    Failure   Level
a - Beastly Appendage     Tmut           32%        N/A       10%         1
b - Wereblood             Tmut           16%        N/A       13%         2
c - Spider Form           Tmut/Pois      4%         N/A       45%         3

Your spell library contained the following spells:

 Spells                   Type           Power      Damage    Failure   Level
 Summon Small Mammal      Summ           4%         N/A       45%         1
 Call Canine Familiar     Summ           1%         N/A       77%         3
 Summon Guardian Golem    Hex/Summ       1%         N/A       77%         3
 Ice Form                 Ice/Tmut       8%         N/A       82%         4


Dungeon Overview and Level Annotations

Branches:
Dungeon (3/15)

Altars:
Gozag

Shops:
D:1 :

Annotations:
D:3 3 runed translucent doors, Sigmund; smalleywall's ghost, amateur OpTm


Innate Abilities, Weirdness & Mutations

You are a venomous arachnid creature.
You have poisonous fangs.
You are tiny and dextrous.
Your spellcasting is less reliable in this form.
Your armour is entirely melded.
You are incapable of wielding weapons or throwing items.
((Your plain brown scales are hard. (AC +5)))
You cannot fit into any form of body armour.
((You are cold-blooded and may be slowed by cold attacks.))


Message History

c - 3 scrolls labelled VOGYINAIMI (gained 1)
You see here a +0 whip.
Found a dagger.
There is an open door here.
You now have 89 gold pieces (gained 14).
Items here: ))) [[ ††.
Found a stone staircase leading down.
Items here: ))) [[ ††.
You open the door.
Sigmund the Dreaded comes into view.
He is wielding a +0 scythe.
Sigmund barely misses you.
Casting: Beastly Appendage (safe; 2% risk of failure)
Confirm with . or Enter, or press ? or * to list all spells.
Okay, then.
Unknown command.
Casting: Beastly Appendage (safe; 2% risk of failure)
Confirm with . or Enter, or press ? or * to list all spells.
The spell is quite dangerous to cast (24% risk of failure)!
Continue anyway?
You turn into a venomous arachnid creature.
Your +0 pair of gloves melds into your body.
Sigmund gestures wildly while chanting.
Sigmund flickers and vanishes!
Deactivating autopickup; reactivate with Ctrl-A.
Unknown command.
You hear some strange, mumbled words.
A puff of flame appears from out of thin air!
The puff of flame misses you.
There is an open door here.
You hit something. Something hits you!
You hit something.
You hear some strange, mumbled words.
You are confused.
You bump into the rock wall.
Something hits you!
You bump into the rock wall.
You hear some strange, mumbled words.
You are more confused.
You closely miss something. Something hits you.
* * * LOW HITPOINT WARNING * * *
You bump into the rock wall.
Something hits you!
You die...

#.# ##......####..#####
###.####.....).)....#
#....#.........##...#
#.#..#.........##...#
#.#..#.........##...#
#.#..'.........##...#
#.#.##.........##...########
#.#.##.........#...........###
#.#.#########s####+++##.......
....# #{###5rW$$##...... ###
#.##.$._...####...
#.##8..8..8# #... ..##$.....∩#
#... #..##∩8∩8.#####... #.#
#######....... #.# <#.###>..
.........


There were no monsters in sight!

Vanquished Creatures
  A bullfrog skeleton (D:3)
  An orc wizard (D:3)
  An adder (D:2)
  2 dart slugs (D:1)
  4 orcs (D:3)
  3 ball pythons
  3 bats
  6 endoplasms
  A giant cockroach (D:2)
  10 goblins
  7 hobgoblins
  4 jackals (D:2)
  7 kobolds
  2 quokkas (D:1)
  6 frilled lizards
  6 rats
64 creatures vanquished.

Notes
Turn   | Place    | Note
-------+----------+-------------------------------------------
     0 | D:1      | HAL9000 the Draconian Transmuter began the quest for the
                  | Orb.
     0 | D:1      | Reached XP level 1. HP: 16/16 MP: 3/3
    96 | D:1      | Reached XP level 2. HP: 9/23 MP: 3/5
   420 | D:1      | Found Heila's Book Boutique.
   432 | D:1      | Reached skill level 3 in Transmutations
   490 | D:1      | Learned a level 2 spell: Wereblood
   946 | D:1      | Reached XP level 3. HP: 23/28 MP: 2/6
  1044 | D:1      | Learned a level 3 spell: Spider Form
  1766 | D:2      | Reached skill level 4 in Transmutations
  2701 | D:2      | Reached XP level 4. HP: 35/35 MP: 5/7
  3794 | D:3      | Found a runed translucent gate.
  3795 | D:3      | Found a runed translucent gate.
  3796 | D:3      | Found an opulent altar of Gozag.
  3797 | D:3      | Found a runed translucent gate.
  3799 | D:3      | Noticed smalleywall's ghost (amateur OpTm)
  3833 | D:3      | Reached skill level 5 in Transmutations
  3833 | D:3      | Reached XP level 5. HP: 29/40 MP: 5/8
  4000 | D:3      | Noticed Sigmund
  4008 | D:3      | Slain by Sigmund

Illustrated notes

Levels and vault maps discovered:
D:1:      tarquinn_simple_flora_water_f, layout_basic, serial_shops,
          nicolae_shop_behind_doors
D:2:      layout_basic, serial_curves, eino_curves_04, eino_curves_02
D:3:      layout_basic, ebering_ghost_gozag, minmay_misc_feat_enclosed,
          uniq_sigmund

Skill      XL: |  1  2  3  4 |
---------------+-------------+-----
Transmutations | 3 4 5 |  5.1
Fighting       | |  1.1
Dodging        | |  1.7
Unarmed Combat | |  3.0
Spellcasting   | |  2.2

Action                   |  1- 3 |  4- 6 || total
-------------------------+-------+-------++-------
Melee: Unarmed           |   154 |    54 ||   208
       Tailslap          |     4 |     6 ||    10
       Punch             |     2 |       ||     2
       Kick              |    14 |     9 ||    23
       Headbutt          |     5 |     5 ||    10
 Cast: Beastly Appendage |    24 |     9 ||    33
       Wereblood         |     2 |     2 ||     4
       Spider Form       |     1 |     1 ||     2
 Stab: Sleeping          |     1 |     3 ||     4
Armor: Skin              |    42 |    12 ||    54
Dodge: Dodged            |    97 |    42 ||   139

Table legend: (Time is in decaauts)
 A = Elapsed time spent in this place.
 B = Non-inter-level travel time spent in this place.
 C = Inter-level travel time spent in this place.
 D = Time resting spent in this place.
 E = Time spent auto-exploring this place.
 F = Levels seen in this place.
 G = Mean time per level.
                   A        B        C        D        E       F      G
               +--------+--------+--------+--------+--------+-----+--------+
         Total |   3996 |   3904 |     92 |    369 |   3044 |   3 | 1332.0 |
       Dungeon |   3996 |   3904 |     92 |    369 |   3044 |   3 | 1332.0 |
               +--------+--------+--------+--------+--------+-----+--------+

Top non-repeatable levels by time:
     D:2: 1866 daAuts
     D:1: 1199 daAuts
     D:3: 931 daAuts
